AoeStats
← EsquedaKING

MegaRandom

508134318Analyzed
4v4 RM · 11d ago on Sep 21, 2026· 33m 6s· 8 players
Game mode
Random Map
Map size
Large (8 player)
Population
200
Speed
Normal
Resources
Standard
Victory
Conquest
Starting age
Dark Age
Ending age
Imperial Age
RankedLock teamsTeams togetherTeam positionsShared explorationLock speedFull tech treeHidden civsTurbo modeCheats
Victory
Defeat
🇲🇽 Burgundians · Mexico
1009
+9
🇬🇹 Magyars · Guatemala
947
+12
🇺🇸 Franks · United States
931
+12
🇲🇽 Vietnamese · Mexico
911
+13
🇨🇳 Koreans · China
870
-34
🇨🇦 Lithuanians · Canada
852
-12
🇲🇽 Magyars · Mexico
847
-11
🇹🇷 Poles · Türkiye
834
-11
golgi
9:13 Loom
12:09 Feudal Age
19:14 Bloodlines
19:12 Scale Barding Armor
23:57 Castle Age
24:20 Forging
Le$bean
8:23 Loom
13:26 Feudal Age
20:15 Double-Bit Axe
20:15 Horse Collar
24:19 Castle Age
25:17 Bloodlines
25:00 Light Cavalry
25:32 Man-at-Arms
27:40 Bow Saw
27:35 Heavy Plow
29:58 Long Swordsman
31:50 Forging
31:46 Scale Barding Armor
ImpReSRa
11:23 Feudal Age
12:07 Double-Bit Axe
14:35 Bloodlines
17:58 Scale Barding Armor
26:13 Castle Age
31:05 Loom
310788155
9:42 Feudal Age
10:50 Town Watch
20:42 Wheelbarrow
Chris_Alva
11:47 Feudal Age
10:33 Loom
12:35 Double-Bit Axe
14:41 Bloodlines
18:06 Stone Mining
18:18 Horse Collar
24:10 Castle Age
22:32 Gold Mining
23:14 Scale Barding Armor
23:06 Fletching
23:21 Padded Archer Armor
25:27 Chain Barding Armor
25:05 Bodkin Arrow
26:54 Wheelbarrow
26:53 Husbandry
27:23 Corvinian Army
30:35 Heavy Plow
Lord Daiki
7:55 Loom
14:51 Feudal Age
17:18 Wheelbarrow
17:15 Town Watch
18:34 Double-Bit Axe
21:16 Horse Collar
24:01 Castle Age
24:09 Crossbowman
24:57 Thumb Ring
26:09 Pikeman
27:06 Scale Mail Armor
27:17 Forging
30:21 Heavy Plow
30:36 Squires
30:22 Arson
30:57 Gold Mining
gochodg
11:03 Feudal Age
14:33 Double-Bit Axe
16:48 Forging
21:40 Gold Mining
24:05 Castle Age
23:56 Scale Barding Armor
30:24 Husbandry
31:07 Iron Casting
31:55 Bow Saw
EsquedaKING
12:20 Feudal Age
11:46 Double-Bit Axe
14:55 Loom
19:18 Castle Age
18:08 Horse Collar
19:20 Cavalier
20:08 Husbandry
21:35 Forging
21:30 Scale Barding Armor
26:55 Burgundian Vineyards
35:00 Imperial Age
Connection lost

Rejoining the realm…

Still unreachable

The connection could not be restored.

Session expired

The server has moved on; the page needs a fresh start.